[Event "*** Titled Tuesday Blitz"]
[Site "Chess.com"]
[Date "2021.04.27"]
[Round "8"]
[White "mishanick"]
[Black "attack2mateU"]
[Result "0-1"]
[WhiteElo "2997"]
[BlackElo "2767"]
[TimeControl "180+1"]
[EndTime "11:27:48 PDT"]
[Termination "attack2mateU won by resignation"]

1. e4 c5 2. Nf3 d6 3. d4 cxd4 4. Nxd4 Nf6 5. Nc3 a6 6. Be3 e5 7. Nb3 Be7 8. f3 Be6 9. Qd2 h5 10. Nd5 Nxd5 11. exd5 Bf5 12. Na5 Qc7 13. Be2 Bh4+ 14.
g3 Bd8 15. b4 b6 16. Nc4 Nd7 17. a4 Bh3 18. Kf2 f5 19. a5 b5 20. Nb6 Nxb6 21. Bxb6 Qb7 22. Bxd8 Rxd8 23. Qg5 O-O 24. Ra3 Rc8 25.
Rc1 f4 26. gxf4 exf4 27. Rd3 Qa7+ 28. Ke1 Rf5 29. Qh4 Qg1+ 30. Kd2 Qxh2 31. Re1 Re5 32. Kd1 Rce8 33. Rd2 Qg3 34. Qxg3 fxg3 35. f4 Rxe2 36. Rexe2 Bg4 37. Ke1 Rxe2+ 38. Rxe2 Bxe2 39. Kxe2 Kf7 40. Kf3 h4 41. c4 bxc4 42. b5 c3 43. bxa6 c2 44. a7 c1=Q 45. a8=Q Qf1+ 46. Ke4 g2 47. Qa7+ Kg6 48. Qd7 Qe2+ 49. Kd4 g1=Q+ 0-1

[Event "*** Titled Tuesday Blitz"]
[Site "Chess.com"]
[Date "2021.04.27"]
[Round "8"]
[White "IMRosen"]
[Black "riospm"]
[Result "1-0"]
[WhiteElo "2674"]
[BlackElo "2533"]
[TimeControl "180+1"]
[EndTime "11:27:48 PDT"]
[Termination "IMRosen won by resignation"]

1. e4 c5 2. Nc3 d6 3. f4 e6 4. Nf3 Nc6 5. Bc4 Nge7 6. d4 cxd4 7.
Nxd4 Nxd4 8. Qxd4 Nc6 9. Qf2 Be7 10. O-O O-O 11. Be3 a6 12. a4 Bd7 13. Bb6 Qb8 14.
a5 Bd8 15. Rad1 Bxb6 16. Qxb6 Rd8 17. Rd3 Be8 18. Rfd1 Qa7 19. Rxd6 Rxd6 20. Rxd6 Nxa5 21. Qxa7 Rxa7 22. Rd8 Kf8 23. Be2 Ke7 24. Rd1 b5 25. e5 Nb7 26. Bf3 Nc5 27. b4 Na4 28. Nxa4 bxa4 29.
c4 Rc7 30. c5 a5 31. bxa5 Rxc5 32. a6 Ra5 33. Be2 Bb5 34. Rb1 Bc6 35. Kf2 a3 36. Ra1 Kd7 37. g3 Bd5 38. Ke3 Kc6 39. Kd2 Kc5 40.
Kc3 h6 41. h4 f6 42. exf6 gxf6 43. g4 e5 44. fxe5 fxe5 45. g5 hxg5 46. hxg5 e4 47. g6 e3 48. g7 Bg8 49. Kd3 a2 50. Kxe3 Kd6 51. Kd4 Ke7 52. Kc3 Kf6 53. Kb4 Re5 54. a7 Re8 55. Bf3 Kxg7 56. a8=Q Rxa8 57. Bxa8 1-0

[Event "*** Titled Tuesday Blitz"]
[Site "Chess.com"]
[Date "2021.04.27"]
[Round "8"]
[White "ChampStan"]
[Black "Supernotar"]
[Result "0-1"]
[WhiteElo "2140"]
[BlackElo "2721"]
[TimeControl "180+1"]
[EndTime "11:27:49 PDT"]
[Termination "Supernotar won on time"]

1. e4 c6 2. d4 d5 3. exd5 cxd5 4. Bd3 Nc6 5. c3 Qc7 6. g3 Nf6 7. Nf3 Bg4 8. h3 Bh5 9. O-O e6 10. a4 Bd6 11. Kg2 O-O 12. Na3 a6 13. Nc2 Ne4 14.
g4 Bg6 15. Nh4 e5 16. Ne3 Nf6 17. Nef5 e4 18. Be2 Rad8 19. Be3 h6 20. b4 Bh7 21. Qd2 Rfe8 22. Bxh6 Bf8 23. Be3 Re6 24. Bf4 Qd7 25. Qe3 Ne8 26. Ng3 g6 27. b5 Na5 28. Rab1 Nd6 29. bxa6 bxa6 30. Bxd6 Bxd6 31. Rb2 Qxa4 32. Rfb1 Nc4 33. Bxc4 Qxc4 34. Rb7 Bc7 35. R1b4 Qc6 36.
Rb3 Ree8 37. Qg5 Rc8 38. Ngf5 f6 39. Qh6 gxf5 40. g5 Qe6 41. g6 Re7 42. gxh7+ Rxh7 43. Qg6+ Rg7 44. Qxg7+ Kxg7 45. Kf1 Kh6 0-1

[Event "*** Titled Tuesday Blitz"]
[Site "Chess.com"]
[Date "2021.04.27"]
[Round "8"]
[White "andrewtnb"]
[Black "lucachess49"]
[Result "1-0"]
[WhiteElo "2268"]
[BlackElo "2418"]
[TimeControl "180+1"]
[EndTime "11:27:49 PDT"]
[Termination "andrewtnb won on time"]

1. d4 Nf6 2. c4 e6 3. Nc3 Bb4 4. e3 O-O 5. Ne2 c6 6. g3 d5 7.
Qb3 Ba5 8. cxd5 exd5 9. Bg2 b5 10. O-O Bg4 11. f3 Be6 12. Nf4 Nbd7 13. Bd2 a6 14. Rad1 Nb6 15. Kh1 Nc4 16. Bc1 Bc7 17. Qc2 a5 18. e4 a4 19. b3 Nb6 20. e5 Nfd7 21.
Nxe6 fxe6 22. f4 Qe7 23. f5 exf5 24. Rxf5 Rxf5 25. Qxf5 axb3 26. axb3 b4 27. Ne2 Nf8 28.
Qc2 Qd7 29. Nf4 Ne6 30. Bh3 Re8 31. Nxe6 Rxe6 32. Bxe6+ Qxe6 33. Rf1 Nd7 34. Bd2 c5 35. dxc5 Qxe5 36. Bxb4 d4 37. Qc4+ Kh8 38. c6 Nf6 39. Bc5 Qe4+ 40. Kg1 Qe3+ 41. Kg2 Qe4+ 42. Rf3 Ng4 43. Qf7 h5 44. Qxh5+ Kg8 45. Qf7+ Kh7 46.
Qf5+ Qxf5 47. Rxf5 1-0

[Event "*** Titled Tuesday Blitz"]
[Site "Chess.com"]
[Date "2021.04.27"]
[Round "8"]
[White "Nils_03"]
[Black "InvisibleWarrior2252"]
[Result "1-0"]
[WhiteElo "2451"]
[BlackElo "2547"]
[TimeControl "180+1"]
[EndTime "11:27:50 PDT"]
[Termination "Nils_03 won by resignation"]

1. d4 Nf6 2. c4 e6 3. Nc3 Bb4 4. e3 O-O 5. Ne2 c6 6. a3 Ba5 7. g3 d5 8. cxd5 exd5 9. Bg2 Nbd7 10. O-O Re8 11. Nf4 Nf8 12. Nd3 Bc7 13. Bd2 Ng6 14. Rc1 h5 15. b4 h4 16. b5 Bf5 17. Nc5 Qc8 18. bxc6 bxc6 19. Ne2 Bh3 20. Nd3 Bxg2 21. Kxg2 Ne4 22. Rxc6 Qd7 23. Rc2 Bd6 24. Bb4 Bb8 25. Nc5 Qg4 26. f3 Qg5 27. fxe4 hxg3 28.
Nxg3 dxe4 29. Qh5 Qxe3 30. Re2 Nf4+ 31. Rxf4 Qxf4 32. Rf2 Qc7 33. Qd5 e3 34. Re2 Qe7 35. Qxa8 Bxg3 36. Qf3 Bd6 37. Nd3 Qg5+ 38. Kh1 Bc7 39.
Ne5 Bxe5 40. dxe5 Rxe5 41. Rc2 f6 42. Rc8+ Kf7 43. Qb7+ Kg6 44. Qg2 e2 45. Be1 Kf5 46.
Qxg5+ Kxg5 47. Kg2 Kf4 48. Rc7 g5 49. Rxa7 Ke3 50.
Rb7 f5 51. Rb3+ Ke4 52. Kf2 Kd5 53. Rb5+ Kd4 54. Rxe5 Kxe5 55. Kxe2 Ke4 56. Bd2 g4 57. Kf2 f4 58. Bxf4 Kxf4 59. a4 Ke5 60. Kg3 1-0

[Event "*** Titled Tuesday Blitz"]
[Site "Chess.com"]
[Date "2021.04.27"]
[Round "8"]
[White "ehrenfeld"]
[Black "KIEV-1"]
[Result "0-1"]
[WhiteElo "2512"]
[BlackElo "2263"]
[TimeControl "180+1"]
[EndTime "11:27:50 PDT"]
[Termination "KIEV-1 won on time"]

1. e4 c5 2. Nf3 d6 3. Bc4 e6 4.
O-O a6 5. Bb3 Be7 6. c3 Nf6 7. Re1 b5 8. d4 Bb7 9. Bc2 Nbd7 10.
Nbd2 h6 11. e5 dxe5 12. dxe5 Nd5 13. Ne4 Qc7 14. Ng3 g5 15. h3 O-O-O 16. Qe2 Rdg8 17. Nh5 g4 18. hxg4 Rxg4 19. a4 Rhg8 20. g3 c4 21.
axb5 axb5 22. Kh2 Bc5 23. Bd2 Qc6 24. Be4 Bb6 25. Nd4 Qc5 26. Bf3 R4g6 27. Nf4 Nxf4 28. Bxf4 Bd5 29. Ra6 Nb8 30. Ra2 Nc6 31. Be3 Nxd4 32.
Bxd4 Qc7 33. Bxd5 exd5 34. Qe3 h5 35. Bxb6 Qxb6 36. Ra8+ Kb7 37. Qxb6+ Kxb6 38. Rxg8 Rxg8 39. e6 fxe6 40. Rxe6+ Kc5 41. Re5 Rh8 42. Kh3 b4 43. f4 bxc3 44. bxc3 Rb8 45. Kh4 Rb3 46. Re3 d4 47.
cxd4+ Kxd4 48. Re8 Rb5 49. Rd8+ Rd5 50. Rc8 Rc5 51.
Rd8+ Ke3 52. Rd1 c3 53. Ra1 c2 54. f5 Rxf5 55. Re1+ Kd2 0-1

[Event "*** Titled Tuesday Blitz"]
[Site "Chess.com"]
[Date "2021.04.27"]
[Round "8"]
[White "FMOlexandrProhorov"]
[Black "ChessteacherPalmS"]
[Result "1-0"]
[WhiteElo "2266"]
[BlackElo "2378"]
[TimeControl "180+1"]
[EndTime "11:27:50 PDT"]
[Termination "FMOlexandrProhorov won on time"]

1. Nf3 e6 2. c4 b6 3. Nc3 Bb7 4. e4 Bb4 5. Bd3 Nf6 6. Qe2 Nc6 7. O-O O-O 8. Bc2 h6 9. e5 Nh7 10. d4 Bxc3 11. bxc3 f5 12. exf6 Nxf6 13. Rb1 Ba6 14. Re1 Qe8 15. Ba3 d6 16. Ba4 Bb7 17. Qxe6+ Qxe6 18. Rxe6 Kf7 19. d5 Nd8 20. Re2 Ba6 21. Bb5 Bxb5 22.
Rxb5 Nb7 23. Nd4 Na5 24. Ne6 Rfe8 25. Rb4 Re7 26. Kf1 Rae8 27. Bc1 Nd7 28. Re3 Ne5 29. Rg3 Rg8 30. c5 dxc5 31. Rf4+ Ke8 32. Rf5 Nec4 33. Bxh6 c6 34. Nxg7+ Kd7 35. dxc6+ Kxc6 36. Rf6+ Kb5 37. Nf5 Rxg3 38. fxg3 Rd7 39. g4 Ka4 40. g5 Ne5 41.
Re6 Ng4 42. g6 Nxh6 43. Nxh6 Nc4 44. Nf7 Nd2+ 45. Ke2 Nb1 46. g7 Nxc3+ 47. Ke3 Nd5+ 48.
Ke2 Ne7 49. Rxe7 Rxe7+ 50. Kd3 Re8 51. Nh6 1-0

[Event "*** Titled Tuesday Blitz"]
[Site "Chess.com"]
[Date "2021.04.27"]
[Round "8"]
[White "OlifantCZ"]
[Black "masteryoungK"]
[Result "0-1"]
[WhiteElo "2263"]
[BlackElo "2422"]
[TimeControl "180+1"]
[EndTime "11:27:52 PDT"]
[Termination "masteryoungK won by resignation"]

1. c4 Nf6 2. g3 g6 3. Bg2 Bg7 4. Nc3 d6 5. e4 O-O 6. Nge2 c5 7. O-O Nc6 8. d3 Rb8 9. h3 Ne8 10. Be3 Nc7 11. d4 cxd4 12. Nxd4 Ne6 13. Nde2 a6 14.
Rc1 Bd7 15. f4 b5 16. cxb5 axb5 17. b3 Nc5 18. e5 Re8 19. Qd2 b4 20. Nd5 Qa5 21.
Nd4 Nxd4 22. Bxd4 Bb5 23. Rf3 Ne6 24. Ba1 Red8 25. Nxe7+ Kf8 26. exd6 Qb6+ 27. Kh2 Bxa1 28. Rxa1 Rxd6 29. Qxb4 Kxe7 30. f5 gxf5 31. Rxf5 Bd7 32. Qh4+ Ke8 33. Qxh7 Qd4 34. Qxf7+ Kd8 35. Re1 Kc7 36.
Rc1+ Kb6 37. Qh5 Rf8 38. Rxf8 Nxf8 39. Rc4 Qf6 40. Qc5+ Ka6 41. Rb4 Rb6 42. Qc4+ Ka7 43. Rxb6 Qxb6 44. Qf4 Ne6 45. h4 Nxf4 46. gxf4 Qd4 47.
Kg3 Qf6 48. Bf3 Bf5 49. h5 Qg7+ 50. Kh4 Qh6 0-1

[Event "*** Titled Tuesday Blitz"]
[Site "Chess.com"]
[Date "2021.04.27"]
[Round "8"]
[White "Marty435"]
[Black "elohunter1999"]
[Result "1-0"]
[WhiteElo "2609"]
[BlackElo "2485"]
[TimeControl "180+1"]
[EndTime "11:27:54 PDT"]
[Termination "Marty435 won by checkmate"]

1. e4 c5 2. Nf3 Nc6 3. Bb5 e6 4. O-O Nge7 5. d4 cxd4 6. Nxd4 Qb6 7. Nxc6 bxc6 8. Bd3 Ng6 9. Nd2 d5 10. exd5 cxd5 11.
c4 Nf4 12. Bc2 Bb7 13. Nf3 Bd6 14. Ba4+ Ke7 15. Be3 Qa5 16. c5 Bc7 17. b4 Qxb4 18. Rb1 Qe4 19. Rxb7 Rac8 20. Bc2 Qc4 21. Nd2 Qa6 22.
Rxc7+ Rxc7 23. Bxf4 Rxc5 24. Nb3 Rc3 25. Be5 Rc6 26.
Nd4 Rc5 27. Qg4 Rg8 28. Bxh7 Rgc8 29. h3 Rc1 30. Qg5+ Kd7 31. Rxc1 Rxc1+ 32. Qxc1 f6 33. Bg3 Qa4 34. Nb3 Ke8 35. Nc5 Qc6 36. Bg6+ Ke7 37.
Qa3 Kd8 38. Qa5+ Kc8 39. Bf7 Qb6 40. Bxe6+ Kd8 41. Qxb6+ axb6 42. Nb7+ Ke7 43. Bxd5 f5 44. Be5 g5 45. g3 f4 46. gxf4 gxf4 47.
Kg2 b5 48. Kf3 Kd7 49. Kxf4 b4 50. Nc5+ Kc8 51. Ke4 b3 52. Nxb3 Kd8 53. h4 Ke7 54.
h5 Kf8 55. h6 Ke8 56. h7 Ke7 57. h8=Q Kd7 58. Nc5+ Ke7 59. Qf6+ Ke8 60. Bc6# 1-0

[Event "*** Titled Tuesday Blitz"]
[Site "Chess.com"]
[Date "2021.04.27"]
[Round "8"]
[White "topin8"]
[Black "friesnielsen2302"]
[Result "1-0"]
[WhiteElo "2318"]
[BlackElo "2521"]
[TimeControl "180+1"]
[EndTime "11:27:54 PDT"]
[Termination "topin8 won by resignation"]

1. e4 c6 2. Nf3 d6 3. Nc3 Nf6 4.
d4 g6 5. Bc4 Bg7 6. O-O O-O 7. h3 d5 8. exd5 cxd5 9. Bd3 Nc6 10. a3 Bf5 11. Bxf5 gxf5 12. Ne2 Ne4 13. c3 e6 14. Bf4 Rc8 15. Ng3 Kh8 16. Nh5 Rg8 17. Kh2 Bf8 18. Ne5 Nxe5 19. dxe5 Qh4 20.
g3 Qd8 21. f3 Nc5 22. g4 fxg4 23. fxg4 Ne4 24. Qe1 Rg6 25. Rf3 Be7 26. Bg3 Qg8 27. Qe3 Bc5 28. Qe2 Rxg4 29. hxg4 Qxg4 30. Re3 Qg5 31.
Rxe4 dxe4 32. Nf6 e3 33. Rh1 Rd8 34. Kg2 h6 35. Qh5 Rd2+ 36. Kf3 Qxh5+ 37. Rxh5 Kg7 38. Bf4 Rf2+ 39. Kg4 Rg2+ 40. Kf3 Rg6 41. Rh2 Kf8 42. Bxh6+ Ke7 43. Bxe3 Bxe3 44. Kxe3 Rg5 45. Kd4 Rf5 46. Ne4 Rf1 47. Rd2 Re1 48. b4 b6 49. a4 Ra1 50. a5 bxa5 51. bxa5 Rxa5 52. c4 Ra4 53.
Nf6 a5 54. Kc5 Rb4 55. Rd7+ Kf8 56. Rd8+ Kg7 57. Rg8+ Kh6 58. Ra8 Rb2 59. Rxa5 Re2 60. Kd6 Kg6 61. c5 Rd2+ 62. Ke7 Rc2 63. Nd7 Kf5 64. Ra6 Rc4 65. c6 Ke4 66. Kd8 Kd5 67. c7 1-0

[Event "*** Titled Tuesday Blitz"]
[Site "Chess.com"]
[Date "2021.04.27"]
[Round "8"]
[White "mr65"]
[Black "stolencandy13"]
[Result "0-1"]
[WhiteElo "2204"]
[BlackElo "2469"]
[TimeControl "180+1"]
[EndTime "11:27:54 PDT"]
[Termination "stolencandy13 won on time"]

1. e4 c6 2. Nc3 d5 3. Nf3 Bg4 4. h3 Bxf3 5. Qxf3 e6 6. g3 Nf6 7. Bg2 dxe4 8. Nxe4 Nxe4 9. Qxe4 Qd5 10. O-O Qxe4 11.
Bxe4 Nd7 12. a4 Bc5 13. a5 a6 14. c3 O-O-O 15. d4 Ba7 16. b4 e5 17. dxe5 Nxe5 18.
Re1 Rhe8 19. Bf4 g6 20. Rad1 Rxd1 21. Rxd1 f5 22. Bg2 Bb8 23. Kf1 Rd8 24. Rxd8+ Kxd8 25. Ke2 Bd6 26. h4 Kd7 27. h5 Nc4 28. Bxd6 Nxd6 29.
hxg6 hxg6 30. Kd3 g5 31. f4 g4 32. Kd4 Ke6 33. c4 Nc8 34. b5 Kd6 35. c5+ Kd7 36. b6 Ne7 37. Ke5 Kd8 38. Ke6 Ke8 39. Kd6 Kd8 40. Bh1 Nc8+ 41. Ke6 Ne7 42. Bg2 Ke8 43. Bf1 Kd8 44. Bd3 Nd5 45. Bxf5 Ne3 46. Ke5 Nc4+ 47. Ke6 Nxa5 48. Bxg4 Nb3 49. f5 Nxc5+ 50. Kd6 Ne4+ 0-1

[Event "*** Titled Tuesday Blitz"]
[Site "Chess.com"]
[Date "2021.04.27"]
[Round "8"]
[White "Beca95"]
[Black "Oleksandr_Bortnyk"]
[Result "1-0"]
[WhiteElo "2881"]
[BlackElo "2959"]
[TimeControl "180+1"]
[EndTime "11:27:55 PDT"]
[Termination "Beca95 won on time"]

1. d4 d6 2. Nf3 Nf6 3. c4 g6 4.
Nc3 Bf5 5. Ng5 Bg7 6. e4 Bg4 7. Nf3 O-O 8. Be3 Nbd7 9. h3 Bxf3 10. Qxf3 e5 11. d5 c6 12. g4 cxd5 13. exd5 e4 14. Qg3 Ne5 15. Be2 Rc8 16. b3 Nf3+ 17.
Bxf3 Nh5 18. gxh5 Bxc3+ 19. Kf1 Bxa1 20. Bxe4 f5 21. Bd3 Qf6 22. Bg5 f4 23. Qg4 Qd4 24.
Qf3 gxh5 25. Kg2 Rc7 26. Kh2 Kh8 27. Bh6 Rg8 28. Rf1 Rf7 29. h4 Bc3 30. Rd1 Qe5 31. Bg5 Rxg5 32. hxg5 Qxg5 33. Rg1 Qh4+ 34. Qh3 Qxh3+ 35.
Kxh3 h6 36. f3 Rf6 37. Be4 Bd4 38. Rg2 Be5 39. Kh4 Rf7 40. Kxh5 Rg7 41. Bg6 Kg8 42. Kxh6 Kf8 43. Rg4 Rg8 44. Kg5 Ke7 45. Kf5 Rf8+ 46. Ke4 Rg8 47. c5 Rc8 48. b4 a5 49. Bf5 Ra8 50.
c6 bxc6 51. dxc6 axb4 52. c7 b3 53. axb3 1-0

[Event "*** Titled Tuesday Blitz"]
[Site "Chess.com"]
[Date "2021.04.27"]
[Round "8"]
[White "Mikhail_Golubev"]
[Black "MartinMatthiesen"]
[Result "1-0"]
[WhiteElo "2566"]
[BlackElo "2451"]
[TimeControl "180+1"]
[EndTime "11:27:56 PDT"]
[Termination "Mikhail_Golubev won by resignation"]

1. e4 e5 2. Nf3 Nc6 3. Bb5 a6 4. Ba4 Nf6 5. O-O Be7 6. d3 b5 7. Bb3 d6 8. a4 Bd7 9. Nbd2 O-O 10.
axb5 axb5 11. Rxa8 Qxa8 12. c3 b4 13. d4 bxc3 14. bxc3 Rb8 15. Re1 Qa7 16. Nc4 Bg4 17. Ne3 Bh5 18. Nf5 Bf8 19. Bg5 Nd7 20. Ng3 Bg6 21.
Bd5 Ne7 22. Bxe7 Bxe7 23. Bc6 Rd8 24. Bxd7 Rxd7 25. dxe5 Rd8 26. exd6 cxd6 27. Nf5 Bf6 28. N3d4 Qc5 29. Qd3 h6 30. h3 Rc8 31. Rc1 Qc4 32.
Qxc4 Rxc4 33. Ne3 Rc5 34. Nb3 Rxc3 35. Rxc3 Bxc3 36. f3 Be5 37. Nd5 Kf8 38. g4 f6 39.
Nd2 Bf7 40. Kf2 Bb2 41. Nc4 Be5 42. Ke2 Bxd5 43. exd5 Ke7 44. h4 Kd7 45. h5 Kc7 46. Kd3 Bf4 47. Ke4 Bg5 48. Kf5 1-0

[Event "*** Titled Tuesday Blitz"]
[Site "Chess.com"]
[Date "2021.04.27"]
[Round "8"]
[White "davigator"]
[Black "tusplingher"]
[Result "0-1"]
[WhiteElo "2421"]
[BlackElo "2278"]
[TimeControl "180+1"]
[EndTime "11:27:57 PDT"]
[Termination "tusplingher won on time"]

1. e4 c5 2. Nf3 g6 3. c4 Nc6 4.
d4 cxd4 5. Nxd4 Nf6 6. Nc3 d6 7. Be2 Nxd4 8. Qxd4 Bg7 9. Be3 O-O 10. Qd2 Bd7 11. Rc1 Bc6 12. Bd3 Ng4 13. Bg5 h6 14.
Bh4 g5 15. Bg3 Ne5 16. Be2 Rc8 17. b3 a6 18. h4 f6 19. f4 Nf7 20. Bg4 Bd7 21. Bh5 gxf4 22. Bxf4 Kh7 23. Nd5 Ne5 24. O-O Bg4 25. Bxg4 Nxg4 26. Qe2 Ne5 27. Be3 Qd7 28. Nb6 Qg4 29. Rc2 Qxe2 30. Rxe2 Rcd8 31. Bf4 e6 32.
Rd1 f5 33. exf5 Rxf5 34. g3 Nc6 35. Rxe6 Bd4+ 36. Be3 Bxe3+ 37. Rxe3 Ne5 38. Kg2 Rdf8 39. Rd2 R5f6 40. Nd5 Rg6 41. Ne7 Rgf6 42. Nd5 Rf1 43. Nf4 Ra1 44. Ree2 Rf6 45. Nh5 Rff1 46. Rxd6 Rg1+ 47.
Kf2 Raf1+ 48. Ke3 Ng4+ 49. Ke4 Rf7 50. Kd5 Rf5+ 51. Ke6 Rxh5 52. Rd7+ Kg6 53. Ke7 Rf5 54. Re6+ Rf6 55. Rxb7 Rxe6+ 56. Kxe6 Re1+ 57. Kd5 Re2 0-1

[Event "*** Titled Tuesday Blitz"]
[Site "Chess.com"]
[Date "2021.04.27"]
[Round "8"]
[White "noblerone"]
[Black "Omk124"]
[Result "1-0"]
[WhiteElo "2416"]
[BlackElo "2544"]
[TimeControl "180+1"]
[EndTime "11:27:58 PDT"]
[Termination "noblerone won by checkmate"]

1. d4 Nf6 2. Nf3 g6 3. Bg5 Bg7 4. Nbd2 d5 5. e3 O-O 6. Be2 b6 7. O-O Bb7 8. a4 Nbd7 9. a5 c5 10. c3 h6 11. Bh4 Ne4 12. Nxe4 dxe4 13. Nd2 Re8 14. f3 exf3 15. Bxf3 Bxf3 16. Qxf3 Nf6 17. Ne4 g5 18. Bg3 Qd7 19. axb6 Kh8 20. Nxf6 Bxf6 21. b7 Rab8 22. Bxb8 Rxb8 23. Rxa7 cxd4 24. exd4 Kg7 25. Qe4 Qc7 26. Rfa1 Qb6 27. b4 e6 28. h3 e5 29.
R1a6 Qb5 30. Qf3 Bd8 31. dxe5 Bb6+ 32. Kh1 Bxa7 33. Qf6+ Kg8 34. Rxa7 Rxb7 35. Rxb7 Qxb7 36. Qxh6 Qe4 37. Qxg5+ Kf8 38. Qd8+ Kg7 39. Qd4 Qe1+ 40. Kh2 Kg6 41. Qg4+ Kh7 42. Qg3 Qe2 43. Qf4 Kg8 44.
c4 Kf8 45. b5 Ke7 46. Qf6+ Ke8 47. Qc6+ Kd8 48. Qd5+ Ke7 49. b6 Qe3 50. Qd6+ Ke8 51. Qf6 Qe4 52. Qf3 Qxe5+ 53. Qg3 Qc5 54. Qb8+ Kd7 55. b7 Qxc4 56. Qg3 Qe4 57. b8=Q f5 58. Qbc7+ Ke6 59. Qg6+ Kd5 60. Qgd6# 1-0

[Event "*** Titled Tuesday Blitz"]
[Site "Chess.com"]
[Date "2021.04.27"]
[Round "8"]
[White "Nozdrachev_Vladislav"]
[Black "Cptn2"]
[Result "0-1"]
[WhiteElo "2704"]
[BlackElo "2611"]
[TimeControl "180+1"]
[EndTime "11:27:59 PDT"]
[Termination "Cptn2 won on time"]

1. e4 c5 2. Nf3 Nc6 3. Bb5 g6 4. O-O Bg7 5. Re1 Nf6 6. e5 Nd5 7. Nc3 Nc7 8. Bxc6 dxc6 9. Ne4 b6 10. Nf6+ Bxf6 11. exf6 e6 12. d3 Qxf6 13. Ng5 O-O 14. Ne4 Qg7 15. Qf3 f5 16. Ng5 h6 17. Nh3 Nd5 18.
c4 Nb4 19. Re2 Rd8 20. Rd2 g5 21. Qe2 e5 22. a3 Na6 23. b3 g4 24. Kh1 gxh3 25.
gxh3 f4 26. Bb2 Kh7 27. Rg1 Qf7 28. Qxe5 Rg8 29. Rxg8 Qxg8 30. Qe7+ Kg6 31. f3 Bxh3 32. Rd1 Re8 33. Rg1+ Kh5 34. Rxg8 Rxe7 35. Kg1 Re2 36. Bf6 Nc7 37. Rg7 Ne6 38. Re7 Nd4 39. Rxe2 Nxe2+ 40. Kf2 Nd4 41. b4 Nc2 42. bxc5 bxc5 43. Be7 a5 44. Bxc5 a4 45. d4 Be6 46. d5 cxd5 47. cxd5 Bxd5 48.
Bd6 Kg6 49. Ke2 Kf5 50. Kd3 Ne1+ 51. Kd4 Bxf3 0-1

[Event "*** Titled Tuesday Blitz"]
[Site "Chess.com"]
[Date "2021.04.27"]
[Round "8"]
[White "ajedrez1101"]
[Black "tylityli"]
[Result "0-1"]
[WhiteElo "2166"]
[BlackElo "2333"]
[TimeControl "180+1"]
[EndTime "11:27:59 PDT"]
[Termination "tylityli won on time"]

1. b3 e5 2. Bb2 Nc6 3. e3 Nf6 4. Bb5 Bd6 5. Bxc6 dxc6 6. d3 c5 7. Nd2 Qe7 8. e4 O-O 9. Ngf3 b5 10. O-O c6 11. a4 a6 12. Bc3 Bd7 13. Re1 Nh5 14. Nf1 Nf4 15. Ng3 g6 16. Bd2 Ne6 17. Bh6 Rfc8 18. Qd2 f6 19. h4 Nd4 20. Nxd4 cxd4 21.
f4 exf4 22. Bxf4 Bxf4 23. Qxf4 Qe5 24. Rf1 Kg7 25. Ne2 c5 26. axb5 axb5 27. Qxe5 fxe5 28. c4 b4 29. Ng3 Bg4 30. Rfe1 h5 31. Reb1 Kf6 32. Kf2 Ke7 33. Ke1 Rf8 34. Ne2 Kd6 35.
Rc1 Kc7 36. Ra4 Rxa4 37. bxa4 Ra8 38. Ra1 Kb6 39. Nc1 Bd7 40. Nb3 Rxa4 41. Rxa4 Bxa4 42. Na1 b3 43. Kd2 Ka5 44. Kc1 b2+ 45. Kxb2 Kb4 46. g3 Bd1 47. Nc2+ Bxc2 48. Kxc2 Ka3 49. Kc1 Kb3 0-1

[Event "*** Titled Tuesday Blitz"]
[Site "Chess.com"]
[Date "2021.04.27"]
[Round "8"]
[White "Vaathi_Coming"]
[Black "Gloomy_Wanderer"]
[Result "1-0"]
[WhiteElo "2892"]
[BlackElo "2740"]
[TimeControl "180+1"]
[EndTime "11:28:02 PDT"]
[Termination "Vaathi_Coming won by resignation"]

1. g3 d5 2. Bg2 e6 3. b3 g6 4. Bb2 Nf6 5. e4 dxe4 6. Nc3 Bg7 7.
Nxe4 O-O 8. Nc3 e5 9. Nge2 c6 10. O-O Re8 11. d3 Bg4 12. h3 Be6 13. Ne4 Na6 14.
Bxe5 Nxe4 15. Bxg7 Nxg3 16. fxg3 Kxg7 17. Qd2 Bd5 18. Bxd5 Qxd5 19. Rf2 Re7 20. Raf1 Rae8 21.
Nf4 Qd4 22. Kh2 Nc7 23. c3 Qe3 24. Qb2 Kg8 25. c4 Ne6 26. Nxe6 Qxe6 27. d4 Rd8 28.
Qc3 Qe4 29. Rf4 Qe2+ 30. R1f2 Qd1 31. Qd2 Qxd2 32. Rxd2 f5 33. g4 fxg4 34. hxg4 Kg7 35. Kg3 Re3+ 36. Rf3 Rxf3+ 37. Kxf3 Kf6 38. Kf4 h5 39.
gxh5 gxh5 40. d5 cxd5 41. cxd5 Rd7 42. Ke4 Rh7 43. Rf2+ Ke7 44. Rh2 h4 45. Rh3 Kd6 46. Kd4 Rh5 47. Kc4 b6 48. a4 a6 49. b4 Rh8 50. Kd4 Rh7 51. Kc4 Rh5 52. b5 a5 53.
Kd4 Rxd5+ 54. Kc4 Rc5+ 55. Kd4 Rh5 56. Kc4 Ke5 57. Rd3 h3 58. Rd5+ 1-0

[Event "*** Titled Tuesday Blitz"]
[Site "Chess.com"]
[Date "2021.04.27"]
[Round "8"]
[White "KeithArkell"]
[Black "Kislov_Oleg"]
[Result "0-1"]
[WhiteElo "2594"]
[BlackElo "2503"]
[TimeControl "180+1"]
[EndTime "11:28:02 PDT"]
[Termination "Kislov_Oleg won on time"]

1. d4 Nf6 2. Nf3 d5 3. c4 dxc4 4. e3 e6 5. Bxc4 c5 6. Nc3 a6 7.
a4 Nc6 8. d5 exd5 9. Nxd5 Be6 10. Nxf6+ Qxf6 11. Bxe6 Qxe6 12. O-O Be7 13. a5 O-O 14. Bd2 Rfd8 15. Qc2 Rac8 16. Bc3 Qc4 17. Qa4 Qxa4 18. Rxa4 Nb4 19. h3 f6 20. g4 Kf7 21.
Kg2 Rd3 22. Raa1 c4 23. Rfc1 Rd5 24. Nd2 Nd3 25. Rc2 h5 26. Bd4 hxg4 27. hxg4 Ne5 28. Bxe5 Rxe5 29. Kf3 Rec5 30. Ne4 Rb5 31. Ra4 g6 32.
Raxc4 Rxc4 33. Rxc4 Rxa5 34. Rc7 b5 35. Nc5 Ra2 36. b3 Ke8 37. b4 a5 38. bxa5 Rxa5 39. Nb3 Ra6 40. Rb7 b4 41. Nd4 Rd6 42. Ke4 Rd8 43. f4 Kf7 44. f5 Re8 45. Ne6 gxf5+ 46. Kxf5 Rc8 47. e4 Rc1 48. Nf4 Rf1 0-1

[Event "*** Titled Tuesday Blitz"]
[Site "Chess.com"]
[Date "2021.04.27"]
[Round "8"]
[White "atbenina64"]
[Black "anon569"]
[Result "1-0"]
[WhiteElo "2532"]
[BlackElo "2264"]
[TimeControl "180+1"]
[EndTime "11:28:02 PDT"]
[Termination "atbenina64 won on time"]

1. d4 Nf6 2. c4 e6 3. g3 Bb4+ 4. Bd2 Bxd2+ 5. Nxd2 d6 6. Ngf3 b6 7. Bg2 Bb7 8. O-O Nbd7 9. Qc2 O-O 10. b4 c5 11.
bxc5 dxc5 12. e3 Qc7 13. Rac1 Rac8 14. Rfd1 Rfd8 15. Qb2 Qb8 16. Qa3 Qa8 17. Nh4 Bxg2 18. Nxg2 Qb7 19. Ne1 Nb8 20. Nb3 cxd4 21. exd4 Rc7 22.
Qb2 Rdc8 23. Qe2 Qa6 24. Nd2 Nc6 25. Nef3 Rd8 26. Nb3 Rcd7 27. Qb2 Ne7 28. Ne5 Rc7 29. Qe2 Qc8 30. Re1 Nf5 31. Rcd1 Nd6 32. c5 Nde4 33.
Qf3 bxc5 34. Rxe4 Nxe4 35. Qxe4 c4 36. Nc5 Rxc5 37. Qf3 Rcd5 38. Qxf7+ Kh8 39. Qh5 Rf8 40. Ng6+ Kg8 41. Ne7+ Kh8 42. Qh3 Qe8 43. Qxe6 Rd7 44. Re1 1-0

[Event "*** Titled Tuesday Blitz"]
[Site "Chess.com"]
[Date "2021.04.27"]
[Round "8"]
[White "levallem"]
[Black "Gmedmundo"]
[Result "1/2-1/2"]
[WhiteElo "2279"]
[BlackElo "2434"]
[TimeControl "180+1"]
[EndTime "11:28:03 PDT"]
[Termination "Game drawn by repetition"]

1. e4 c5 2. Nf3 d6 3. d4 cxd4 4.
Nxd4 Nf6 5. Nc3 Nc6 6. Bg5 e6 7. Qd2 a6 8. f4 h6 9. Bh4 Nxe4 10. Bxd8 Nxd2 11. Nxc6 bxc6 12. Ba5 Nxf1 13. Rxf1 d5 14.
O-O-O Rb8 15. Bc7 Rb7 16. Be5 f6 17. Bd4 c5 18. Bf2 f5 19. Rfe1 Kf7 20. h3 Bd7 21. g4 g6 22. Ne2 Bg7 23. c3 Bc6 24. Bxc5 Rhb8 25. b3 Bb5 26. Bd4 Bxe2 27. Rxe2 Bxd4 28.
cxd4 a5 29. Rc2 a4 30. gxf5 gxf5 31. bxa4 Ra8 32. Kd2 Rxa4 33. Ke3 Rba7 34. Rdd2 Ra3+ 35. Rd3 Rxa2 36. Rxa2 Rxa2 37. Kf3 h5 38. Kg3 Re2 39. Kh4 Kg6 40. Kg3 Re4 41. h4 Kf6 42. Kf3 Re1 43. Kg3 Rg1+ 44. Kh3 Rg4 45. Rf3 Ke7 46. Kh2 Kd6 47.
Kh3 Kc6 48. Re3 Rxf4 49. Rxe6+ Kb5 50. Re5 Kc4 51. Kg3 Rg4+ 52. Kh3 Rf4 53. Kg3 Rf1 54. Kg2 Rf4 55. Kg3 1/2-1/2